 Dungeon Crawl Stone Soup version 0.29.0-11-gd7f09526c8 (webtiles) character file.

Game seed: 5358602636533733978

74 Iusername the Covered (level 4, -4/33 (40) HPs)
             Began as a Minotaur Fighter on Sept 6, 2022.
             Slain by an orc
             ... wielding a +0 hand axe
              (6 damage)
             ... on level 3 of the Dungeon.
             The game lasted 00:03:16 (1557 turns).

Iusername the Covered (Minotaur Fighter)            Turns: 1557, Time: 00:03:19

HP:   -4/33 (40)    AC:  8    Str: 21    XL:     4   Next: 10%
MP:   3/3           EV:  9    Int:  5    God:
Gold: 118           SH:  4    Dex: 11    Spells: 3/3 levels left

rFire   . . .      SeeInvis .   a - +0 trident
rCold   . . .      Faith    .   c - +0 buckler
rNeg    . . .      Spirit   .   b - +0 scale mail
rPois   .          Reflect  .   (helmet restricted)
rElec   .          Harm     .   q - +0 cloak
rCorr   .          Rampage  .   (no gloves)
Will    .....                   (no boots)
Stlth   ..........              (no amulet)
HPRegen 0.11/turn               (no ring)
MPRegen 0.08/turn               (no ring)

@: mighty, heavily drained
A: horns 2, retaliatory headbutt
a: no special abilities


You were on level 3 of the Dungeon.
You visited 1 branch of the dungeon, and saw 3 of its levels.

You collected 118 gold pieces.

Inventory:

Hand Weapons
 a - a +0 trident (weapon)
Missiles
 g - a boomerang (quivered)
Armour
 b - a +0 scale mail (worn)
 c - a +0 buckler (worn)
 q - a +0 cloak (worn)
Jewellery
 j - a ring of positive energy
 l - a ring of resist corrosion
Scrolls
 f - a scroll of fear {unknown}
 i - 2 scrolls of magic mapping {unknown}
 m - a scroll of vulnerability {unknown}
 n - a scroll of blinking {unknown}
Potions
 e - 2 potions of cancellation {unknown}
 h - a potion of resistance {unknown}
 k - 2 potions of degeneration {unknown}
 o - a potion of heal wounds {unknown}
 p - a potion of lignification {unknown}


   Skills:
 + Level 4.1 Fighting
 + Level 3.0 Polearms
 + Level 1.5 Throwing
 + Level 4.4 Armour
 + Level 0.3 Dodging
 + Level 4.0 Shields


You had 3 spell levels left.
You didn't know any spells.
Your spell library contained the following spells:

 Spells                   Type           Power      Damage    Failure   Level
 Necrotise                Necr           0%         1d4       88%         1
 Static Discharge         Conj/Air       0%         3-3/arc   95%         2
 Vampiric Draining        Necr           0%         2d6       99%         3
 Agony                    Necr           0%         N/A       100%        5
 Freezing Cloud           Conj/Ice/Air   0%         6-21      100%        5
 Lightning Bolt           Conj/Air       0%         1d11      100%        5
 Simulacrum               Ice/Necr       0%         N/A       100%        6
 Maxwell's Capacitive Co  Air            0%         ∞         100%        8
 Polar Vortex             Ice            0%         N/A       100%        9


Dungeon Overview and Level Annotations

Branches:
Dungeon (3/15)

Altars:


Innate Abilities, Weirdness & Mutations

You have a pair of horns on your head.
You reflexively headbutt those who attack you in melee.


Message History

You kill the orc!
Unknown command.
You barely miss the orc. The orc barely misses you. You furiously retaliate!
You headbutt the orc!
You kill the orc!
Unknown command.
You closely miss the orc. Your headbutt misses the orc.
Unknown command.
You closely miss the orc.
Unknown command.
You hit the orc but do no damage.
Unknown command.
You closely miss the orc. You block the orc's attack.
The orc hits you with a +1 war axe of draining!
You feel drained. The orc hits you but does no damage.
The orc hits you with a +1 war axe of draining.
You feel drained.
Unknown command.
You closely miss the orc. Your headbutt misses the orc.
The orc hits you with a +0 hand axe.
The orc hits you with a +1 war axe of draining.
You feel drained.
Unknown command.
You hit the orc but do no damage. You headbutt the orc, but do no damage.
The orc hits you with a +1 war axe of draining!
You feel drained. The orc hits you but does no damage.
Unknown command.
You are too injured to fight recklessly!
You feel very mighty all of a sudden. The orc hits you with a +0 hand axe.
* * * LOW HITPOINT WARNING * * *
The orc barely misses you.
You hit the orc.
The orc is moderately wounded.
The orc hits you with a +1 war axe of draining!
* * * LOW HITPOINT WARNING * * *
You feel drained.
* * * LOW HITPOINT WARNING * * *
The orc hits you with a +0 hand axe.
You die...

#..# #.# ..#
#..# #.# ....
####..# #.#
#.## #.....#
#.# #.
#.###.# #<# #
#.###.#
#..##.#
##....##.####
###o@.......
##o#..####
#...## .....
.......
........
.........
..........


You could see 2 orcs.

Vanquished Creatures
  An adder (D:2)
  2 worms
  A dart slug (D:1)
  3 orcs (D:3)
  8 bats
  5 endoplasms
  2 giant cockroaches
  2 goblins
  4 hobgoblins (D:1)
  2 jackals (D:1)
  6 kobolds (D:1)
  A quokka (D:1)
  8 ball pythons
  4 frilled lizards
  3 rats
52 creatures vanquished.

Notes
Turn   | Place    | Note
-------+----------+-------------------------------------------
     0 | D:1      | Iusername the Minotaur Fighter began the quest for the Orb.
     0 | D:1      | Reached XP level 1. HP: 19/19 MP: 0/0
    99 | D:1      | Reached XP level 2. HP: 27/27 MP: 1/1
   367 | D:1      | Reached XP level 3. HP: 31/33 MP: 2/2
  1117 | D:3      | Reached skill level 1 in Throwing
  1537 | D:3      | Reached XP level 4. HP: 40/40 MP: 3/3
  1557 | D:3      | Slain by an orc

Illustrated notes

Levels and vault maps discovered:
D:1:      wander_arrival_lonely_grave, layout_loops_ring
D:2:      layout_rooms, serial_glass, glass_columns_a, glass_columns_a,
          glass_columns_c
D:3:      kennysheep_goblin_castle, layout_rooms, gup_sewer_entry_bubbles

Skill      XL: |  1  2  3 |
---------------+----------+-----
Armour         | 4 |  4.4
Fighting       | 4 |  4.1
Shields        | 4 |  4.0
Polearms       | 3 |  3.0
Throwing       | 1 |  1.5
Dodging        | |  0.3

Action                   |  1- 3 |  4- 6 || total
-------------------------+-------+-------++-------
Melee: Trident           |    79 |    19 ||    98
       Headbutt          |     4 |     5 ||     9
Throw: Boomerang         |    70 |       ||    70
  Use: Potion            |       |     1 ||     1
Armor: Scale mail        |    50 |     6 ||    56
Dodge: Dodged            |    37 |     6 ||    43
Block: Buckler           |    19 |     3 ||    22
